 Dungeon Crawl Stone Soup version 0.30.0-5-g1a98f26d00 (webtiles) character file.

Game seed: 9340813383629249542

4 dialectric the Cudgeller (level 1, -2/12 HPs)
             Began as a Gargoyle Wanderer on May 9, 2023.
             Slain by a gnoll
             ... wielding a +0 flail
              (6 damage)
             ... on level 1 of the Dungeon.
             The game lasted 00:00:25 (82 turns).

dialectric the Cudgeller (Gargoyle Wanderer)          Turns: 82, Time: 00:00:27

Health: -2/12      AC:  6    Str: 17    XL:     1   Next: 60%
Magic:  3/3        EV: 11    Int: 10    God:
Gold:   23         SH:  0    Dex:  9    Spells: 3/4 levels left

rFire   . . .        a - +2 mace
rCold   + . .        (no shield)
rNeg    + . .        d - +0 leather armour
rPois   ∞            (no helmet)
rElec   +            (no cloak)
rCorr   .            b - +0 pair of gloves
SInv    .            (no boots)
Will    .....        (no amulet)
Stlth   +            g - ring of protection from cold
HPRegen 0.22/turn    (no ring)
MPRegen 0.08/turn

%: no passive effects
@: no status effects
A: sickness immunity, AC +2, negative energy resistance 1, electricity
resistance, torment resistance 1, petrification resistance
a: no special abilities


You were on level 1 of the Dungeon.
You visited 1 branch of the dungeon, and saw 1 of its levels.

You collected 23 gold pieces.

Inventory:

Hand Weapons
 a - a +2 mace (weapon)
Armour
 b - a +0 pair of gloves (worn)
 d - a +0 leather armour (worn)
Jewellery
 g - a ring of protection from cold (left hand)
Scrolls
 e - a scroll of magic mapping {unknown}
 f - a scroll of fear {unknown}
 h - a scroll of noise {unknown}
 j - a scroll of identify {unknown}
Potions
 c - a potion of haste
 i - a potion of might {unknown}


   Skills:
 * Level 1.1 Fighting
 + Level 4.1 Maces & Flails
 * Level 0.4 Armour
 - Level 1.0 Dodging
 - Level 2.0 Spellcasting
 - Level 1.0 Translocations
 + Level 1.0 Evocations


You had 3 spell levels left.
You knew the following spells:

 Your Spells              Type           Power      Damage    Failure   Level
a - Apportation           Tloc           6%         N/A       24%         1

Your spell library contained the following spells:

 Spells                   Type           Power      Damage    Failure   Level
 Teleport Other           Tloc           3%         N/A       58%         3


Dungeon Overview and Level Annotations

Branches:
Dungeon (1/15)

Altars:


Innate Abilities, Weirdness & Mutations

You are immune to sickness and miasma.
Your stone body is resilient. (AC +2)
You are immune to poison.
You resist negative energy. (rN+)
You are resistant to electric shocks. (rElec)
You are resistant to unholy torment.
You are immune to petrification.


Message History

You closely miss the frilled lizard. The frilled lizard misses you.
You sock the frilled lizard!
You kill the frilled lizard!
The kobold throws a stone.
The stone misses you.
Found a bubbling puce potion.
You see here a scroll labelled OMOCIP WOUGHEK.
Unknown command.
The kobold hits you with a +0 club.
You hit the kobold but do no damage. The kobold closely misses you.
You sock the kobold!
You kill the kobold!
Found a scroll labelled KEJ NOCVOCIAB.
You now have 14 gold pieces.
HP restored.
h - a scroll labelled OMOCIP WOUGHEK Key pressed, stopping explore.
No target in view!
i - a bubbling puce potion No target in view!
j - a scroll labelled KEJ NOCVOCIAB No target in view!
No target in view!
No target in view!
You now have 23 gold pieces (gained 9).
Found a stone staircase leading down.
No target in view!
A gnoll comes into view. It is wielding a +0 flail.
The gnoll shouts!
A gnoll is nearby!
You see here 10 gold pieces.
A gnoll is nearby!
Found a helmet.
The gnoll barely misses you.
You hit the gnoll.
The gnoll is moderately wounded.
The gnoll hits you with a +0 flail!
Ouch! That really hurt!
A frilled lizard comes into view.
The gnoll hits you with a +0 flail.
Ouch! That really hurt!
You die...

#############
##.>...#.....##
##.............##
#...............#
#...............#
######...............#
.....................#
#..................#
#..g@.$..........##
#..###.....#...(.##
#.l #.#####.....# #
#...###)....#
###.........#
#####.....#
#.##..†.###
#######....####
.........###


You could see a gnoll and a frilled lizard (wandering).

Vanquished Creatures
  An endoplasm (D:1)
  A giant cockroach (D:1)
  A frilled lizard (D:1)
  A kobold (D:1)
4 creatures vanquished.

Notes
Turn   | Place    | Note
-------+----------+-------------------------------------------
     0 | D:1      | dialectric the Gargoyle Wanderer began the quest for the
                  | Orb.
     0 | D:1      | dialectric set off with the following items: a +2 mace, a
                  | +0 pair of gloves, a potion of haste, a +0 leather armour;
                  | and the following spell memorised: Apportation; and the
                  | following spells available to memorise: Teleport Other.
     0 | D:1      | Reached XP level 1. HP: 12/12 MP: 3/3
    82 | D:1      | Slain by a gnoll

Illustrated notes

Levels and vault maps discovered:
D:1:      saegor_arrival_miasma, layout_rooms

Action                     || total
---------------------------++-------
  Melee: Mace              ||    13
 Armour: Leather armour    ||     5
  Dodge: Dodged            ||     9
